 Dungeon Crawl Stone Soup version 0.20-a0-760-g49f5558 (webtiles) character file.

137 polly the Slasher (level 5, 39/39 HPs)
             Began as a Demonspawn Gladiator on Feb 25, 2017.
             Quit the game on level 3 of the Dungeon.
             The game lasted 00:02:11 (2171 turns).

polly the Slasher (Demonspawn Gladiator)            Turns: 2171, Time: 00:02:12

Health: 39/39      AC:  9    Str: 15    XL:     5   Next: 0%
Magic:  5/5        EV:  7    Int:  9    God:
Gold:   175        SH:  0    Dex: 15    Spells: 4/4 levels left

rFire    . . .     SeeInvis .   a - +0 long sword
rCold    . . .     Gourm    .   l - +0 chain mail
rNeg     . . .     Faith    .   (no shield)
rPois    .         Spirit   .   c - +0 helmet
rElec    .         Reflect  .   (no cloak)
rCorr    .         Harm     .   (no gloves)
MR       .....                  (no boots)
Stlth    ..........             (no amulet)
Regen    1.2/turn               (no ring)
MPRegen  0.1/turn               (no ring)

@: no status effects
A: talons 1, powered by death 1, rot immunity
a: no special abilities


You were on level 3 of the Dungeon.
You were not hungry.

You visited 1 branch of the dungeon, and saw 3 of its levels.

You collected 175 gold pieces.

Inventory:

Hand Weapons
 a - a +0 long sword (weapon)
Missiles
 d - 3 throwing nets (quivered)
Armour
 b - a +0 leather armour
 c - a +0 helmet (worn)
 l - a +0 chain mail (worn)
Jewellery
 s - an uncursed ring of stealth {unknown}
Scrolls
 e - 2 scrolls of remove curse {unknown}
 g - a scroll of amnesia {unknown}
 j - a scroll of magic mapping {unknown}
 m - a scroll of teleportation {unknown}
 n - 2 scrolls of recharging {unknown}
 o - 6 scrolls of identify {unknown}
 p - a scroll of fear {unknown}
Potions
 k - a potion of curing {unknown}
 r - a potion of agility {unknown}
Comestibles
 f - 2 bread rations
 h - 2 royal jellies
 i - 3 meat rations
 q - a chunk of flesh


   Skills:
 + Level 2.4 Fighting
 + Level 3.9 Long Blades
 + Level 2.0 Throwing
 + Level 1.7 Armour
 + Level 3.1 Dodging
 + Level 1.0 Stealth


You had 4 spell levels left.
You didn't know any spells.

Dungeon Overview and Level Annotations

Branches:
Dungeon (3/15)

Altars:
Gozag
Nemelex Xobeh
Uskayaw
Xom


Innate Abilities, Weirdness & Mutations

You have sharp toenails.
You regenerate a little health from kills.
You are immune to rotting.


Message History

No target in view!
No target in view!
No target in view!
No target in view!
No target in view!
You now have 175 gold pieces (gained 15).
Found a stone staircase leading up.
A bat comes into view.
A bat is nearby! 2 orcs come into view.
An orc is wielding a hand axe of flaming.
The orc shouts!
The bat hits you.
You slash the bat!
You kill the bat!
You have reached level 5!
Your demonic ancestry asserts itself...
Your toenails lengthen and sharpen. 2 orcs come into view.
Are you sure you want to abandon this character and quit the game? (Confirm with "yes".) #.# #)#... ... #.# #.#.## .oo

... #.#... ....
###########.####
...o.
................
...##
########.##.##.# .o.
#.##.# # #.#####
#.##.# #.@...#
#.##.##
#####.#####.#...#
#...........#
.............#...#
######............<#
###############


You could see 4 orcs.

Vanquished Creatures
  A centaur zombie (D:3)
  5 adders
  An ooze (D:2)
  2 worms (D:3)
  A dart slug (D:2)
  A leopard gecko (D:2)
  An orc (D:3)
  A giant cockroach (D:3)
  5 goblins
  6 hobgoblins
  3 quokkas (D:2)
  A ball python (D:1)
  5 bats
  3 frilled lizards
  3 kobolds
  12 rats
51 creatures vanquished.

Notes
Turn   | Place    | Note
-------+----------+-------------------------------------------
     0 | D:1      | polly the Demonspawn Gladiator began the quest for the Orb.
     0 | D:1      | Reached XP level 1. HP: 16/16 MP: 1/1
   459 | D:1      | Gained mutation: You are immune to rotting. [demonic ancestry]
   459 | D:1      | Reached XP level 2. HP: 22/22 MP: 2/2
   605 | D:2      | Found a shimmering altar of Xom.
   716 | D:2      | Reached XP level 3. HP: 9/27 MP: 3/3
  1054 | D:2      | Reached skill level 1 in Armour
  1381 | D:2      | Reached skill level 1 in Stealth
  1586 | D:2      | Gained mutation: You regenerate a little health from kills. [demonic ancestry]
  1586 | D:2      | Reached XP level 4. HP: 32/33 MP: 4/4
  1792 | D:3      | Found a hide-covered altar of Uskayaw.
  1792 | D:3      | Found a sparkling altar of Nemelex Xobeh.
  1793 | D:3      | Found an opulent altar of Gozag.
  2170 | D:3      | Gained mutation: You have sharp toenails. [demonic ancestry]
  2170 | D:3      | Reached XP level 5. HP: 38/39 MP: 5/5
  2171 | D:3      | Quit the game

Vault maps used:
D:1:      zaba_arrival_water, minmay_rat_gold_closets
D:2:      minmay_diamond_boxcup, nicolae_overflow_crystal_walls,
          kennysheep_generic_room_6
D:3:      gammafunk_temple_overflow_claw, roderic_lattice_a,
          minmay_strange_pillars, nicolae_ru_path_of_blood

Skill      XL: |  1  2  3 |
---------------+----------+-----
Long Blades    | 3 |  3.9
Dodging        | 3 |  3.1
Throwing       | 2 |  2.0
Armour         | 1 |  1.7
Stealth        | 1 |  1.0
Fighting       | |  2.4

Action                   |  1- 3 |  4- 6 || total
-------------------------+-------+-------++-------
Melee: Long sword        |   107 |    81 ||   188
 Stab: Sleeping          |     1 |       ||     1
  Eat: Chunk             |     2 |     2 ||     4
Armor: Leather armour    |    12 |       ||    12
       Chain mail        |    42 |    50 ||    92
Dodge: Dodged            |    61 |    38 ||    99
       Rpst.: Long sword |    18 |    12 ||    30
